 Dungeon Crawl Stone Soup version 0.32-a0-19-g28bc0835a1 (webtiles) character file.

Game seed: 1863702648426293992

1015 gruber the Skirmisher (level 8, -6/44 HPs)
             Began as a Kobold Hunter on Jan 17, 2024.
             Was an Initiate of Okawaru.
             Mangled by a two-headed ogre
             ... wielding a +0 giant club
              (19 damage)
             ... on level 6 of the Dungeon.
             The game lasted 00:03:09 (3809 turns).

gruber the Skirmisher (Kobold Hunter)               Turns: 3809, Time: 00:03:10

Health: -6/44      AC:  8    Str:  9    XL:     8   Next: 45%
Magic:  8/8        EV: 15    Int: 16    God:    Okawaru [......]
Gold:   306        SH:  0    Dex: 20    Spells: 7/7 levels left

rFire   . . .        a - +0 shortbow
rCold   . . .        (shield currently unavailable)
rNeg    . . .        w - +0 steam dragon scales
rPois   .            (no helmet)
rElec   .            (no cloak)
rCorr   .            l - +0 pair of gloves
SInv    .            v - +1 pair of boots
Will    .....        (no amulet)
Stlth   +++          e - +6 ring of intelligence
HPRegen 0.27/turn    (no ring)
MPRegen 0.11/turn

%: no passive effects
@: no status effects
A: small, no large weapons, nightstalker 3
a: Renounce Religion


You were on level 6 of the Dungeon.
You worshipped Okawaru.
Okawaru was noncommittal.
You visited 2 branches of the dungeon, and saw 7 of its levels.

You collected 306 gold pieces.

Inventory:

Hand Weapons
 a - a +0 shortbow (weapon)
 c - a +1 dagger of venom
Armour
 l - a +0 pair of gloves (worn)
 v - a +1 pair of boots (worn)
 w - +0 steam dragon scales (worn)
Jewellery
 e - a +6 ring of intelligence (left hand)
Wands
 x - a wand of charming (10)
Scrolls
 b - a scroll of butterflies
 j - a scroll of enchant weapon {unknown}
 k - 5 scrolls of identify {unknown}
 m - 5 scrolls of fear {unknown}
 o - a scroll of brand weapon {unknown}
 r - a scroll of blinking {unknown}
 t - 2 scrolls of teleportation {unknown}
 u - a scroll of fog {unknown}
 y - a scroll of silence {unknown}
Potions
 d - a potion of haste {unknown}
 f - 3 potions of heal wounds {unknown}
 g - 2 potions of degeneration {unknown}
 h - 2 potions of cancellation {unknown}
 i - 2 potions of curing {unknown}
 n - a potion of enlightenment {unknown}
 p - 2 potions of mutation {unknown}
 q - 2 potions of might {unknown}
 s - 2 potions of berserk rage {unknown}


   Skills:
 - Level 2.1 Fighting
 + Level 13.0 Ranged Weapons
 - Level 2.4 Dodging
 - Level 1.3 Stealth


You had 7 spell levels left.
You didn't know any spells.
Your spell library contained the following spells:

 Spells                   Type           Power      Damage    Failure   Level
 Apportation              Tloc           0%         N/A       26%         1
 Necrotise                Necr           0%         1d4       26%         1
 Sting                    Conj/Alch      0%         1d3       26%         1
 Frozen Ramparts          Ice            0%         1d1       58%         3
 Inner Flame              Hex/Fire       0%         N/A       58%         3
 Leda's Liquefaction      Alch/Erth      0%         N/A       94%         4
 Petrify                  Alch/Erth      0%         N/A       94%         4
 Irradiate                Conj/Alch      0%         3d11      100%        5
 Metabolic Englaciation   Hex/Ice        0%         N/A       100%        5
 Ignition                 Fire           0%         3d3       100%        8
 Summon Small Mammal      Summ           Unusable   N/A       N/A         1

Dungeon Overview and Level Annotations

Branches:
Dungeon (6/15)             Temple (1/1) D:6

Altars:
Ashenzari
Cheibriados
Dithmenos
Fedhas
Gozag
Hepliaklqana
Kikubaaqudgha
Makhleb
Nemelex Xobeh
Okawaru
Qazlal
Ru
Sif Muna
Uskayaw
Vehumet
Wu Jian
Xom
Yredelemnul
Zin
The Shining One

Shops:
D:2 ![

Annotations:
D:4 1 runed translucent door


Innate Abilities, Weirdness & Mutations

You are small and have problems with some larger weapons.
You are completely attuned to the shadows.


Message History

You shoot an arrow. The arrow hits the two-headed ogre!
The two-headed ogre is severely wounded.
The two-headed ogre hits you with a +0 giant club!!
* * * LOW HITPOINT WARNING * * *
The two-headed ogre barely misses you.
You are too injured to fight recklessly!
Unknown command.
You are too injured to fight recklessly!
Unknown command.
You are too injured to fight recklessly!
Unknown command.
Fire: a) +0 shortbow
Press: ? - help, Q - select action, (/) - cycle Shift-Dir - straight line, f/p - two-headed ogre
Aim: a two-headed ogre, wielding two +0 giant clubs (severely wounded, 80% to hit)
You shoot an arrow.
The arrow hits the two-headed ogre but does no damage.
The two-headed ogre is severely wounded.
Fire: a) +0 shortbow
Press: ? - help, Q - select action, (/) - cycle Shift-Dir - straight line, f/p - two-headed ogre
Aim: a two-headed ogre, wielding two +0 giant clubs (severely wounded, 80% to hit)
You shoot an arrow.
The arrow hits the two-headed ogre but does no damage.
The two-headed ogre is severely wounded.
The two-headed ogre closely misses you.
The two-headed ogre hits you with a +0 giant club.
* * * LOW HITPOINT WARNING * * *
Unknown command.
Fire: a) +0 shortbow
Press: ? - help, Q - select action, (/) - cycle Shift-Dir - straight line, f/p - two-headed ogre
Aim: a two-headed ogre, wielding two +0 giant clubs (severely wounded, 80% to hit)
You shoot an arrow. The arrow hits the two-headed ogre.
The two-headed ogre is almost dead.
Fire: a) +0 shortbow
Press: ? - help, Q - select action, (/) - cycle Shift-Dir - straight line, f/p - two-headed ogre
Aim: a two-headed ogre, wielding two +0 giant clubs (almost dead, 80% to hit)
You shoot an arrow.
The arrow hits the two-headed ogre but does no damage.
The two-headed ogre is almost dead.
The two-headed ogre hits you with a +0 giant club!!
You die...

#...:.
#.#..#..
#....#.#
#......#
##.....#
...)B#.#
...#S# ..
...#O# #
.. #@##
#..# ##.#
..##.###
.......# #
.##..#.###
. .
##.....###
.#
..........
#.###
#####..###


You could see a two-headed ogre, a bombardier beetle and an adder.

Vanquished Creatures
  A steam dragon (D:5)
  A water moccasin (D:5)
  4 ogres
  A scorpion (D:5)
  2 hounds (D:5)
  An orc priest (D:6)
  3 iguanas
  2 orc wizards
  7 adders
  A shadow imp (D:5)
  2 dart slugs (D:1)
  2 ribbon worms
  10 orcs
  3 bats (D:1)
  6 endoplasms
  3 giant cockroaches
  5 goblins
  8 hobgoblins
  10 jackals
  4 quokkas
  A training dummy (D:4)
  5 ball pythons
  A frilled lizard (D:1)
  5 kobolds
  5 rats
93 creatures vanquished.

Notes
Turn   | Place    | Note
-------+----------+-------------------------------------------
     0 | D:1      | gruber the Kobold Hunter began the quest for the Orb.
     0 | D:1      | Reached XP level 1. HP: 12/12 MP: 1/1
    95 | D:1      | Reached XP level 2. HP: 17/17 MP: 2/2
   101 | D:1      | Reached skill level 6 in Ranged Weapons
   224 | D:1      | Reached XP level 3. HP: 21/21 MP: 3/3
   747 | D:2      | Reached skill level 7 in Ranged Weapons
   759 | D:2      | Reached XP level 4. HP: 14/26 MP: 4/4
   997 | D:2      | Found a faded altar of an unknown god.
  1015 | D:2      | Found Leidicy's Distillery.
  1069 | D:2      | Found Banahos's Antique Armour Shop.
  1755 | D:3      | Reached XP level 5. HP: 30/30 MP: 5/5
  1985 | D:4      | Reached skill level 8 in Ranged Weapons
  1989 | D:4      | Found a runed translucent door.
  2462 | D:5      | Entered Level 5 of the Dungeon
  2540 | D:5      | Found a blossoming altar of Fedhas.
  2552 | D:5      | Reached skill level 9 in Ranged Weapons
  2552 | D:5      | Reached XP level 6. HP: 34/35 MP: 6/6
  2678 | D:5      | Found a burning altar of Makhleb.
  2678 | D:5      | Found a shadowy altar of Dithmenos.
  2687 | D:5      | Noticed an ogre
  2696 | D:5      | Killed an ogre
  2697 | D:5      | Reached skill level 10 in Ranged Weapons
  2697 | D:5      | Reached XP level 7. HP: 40/40 MP: 7/7
  2840 | D:5      | Noticed a steam dragon
  2850 | D:5      | Killed a steam dragon
  2851 | D:5      | Reached skill level 11 in Ranged Weapons
  3111 | D:5      | Found a shimmering altar of Xom.
  3181 | D:5      | Found an opulent altar of Gozag.
  3308 | D:5      | Found a shimmering blue altar of Sif Muna.
  3550 | D:6      | Reached XP level 8. HP: 44/44 MP: 8/8
  3561 | D:5      | Reached skill level 12 in Ranged Weapons
  3672 | D:6      | Reached skill level 13 in Ranged Weapons
  3682 | D:6      | Identified the +0 leather armour of Weirdness {Harm rF+ rC+
                  | Will+}
  3695 | D:6      | Found a staircase to the Ecumenical Temple.
  3724 | Temple   | Entered the Ecumenical Temple
  3730 | Temple   | Became a worshipper of Warmaster Okawaru
  3789 | D:6      | Noticed a two-headed ogre
  3809 | D:6      | Mangled by a two-headed ogre

Illustrated notes

Levels and vault maps discovered:
D:1:      minmay_arrival_three_doors, layout_loops_ring,
          dreamdust_princess_corridor
D:2:      layout_rooms, hellmonk_ecumenical_altar_pennies_from_heaven,
          serial_shops, shop, shop, kennysheep_minor_cross
D:3:      layout_basic, minmay_misc_feat_chi
D:4:      dreamdust_elfheim, layout_basic, ebering_ghost_reflecting_pool,
          hangedman_decor_push
D:5:      layout_rooms, grunt_gozag_statues, hellmonk_sif_muna_bookshelves,
          regret_index_xom_buried_treasure, mainiacjoe_overflow_six_doors_small,
          chequers_temple_overflow_statue_of_worship,
          chequers_serial_rivers_small_a, dreamdust_wishing_well,
          serial_bayou_lagoon_b
D:6:      layout_rooms, minmay_temple_entry_junction_2, nrook_uturn
Temple:   eino_narrow_crystal_temple

Skill      XL: |  1  2  3  4  5  6  7  8 |
---------------+-------------------------+-----
Ranged Weapons | 6 7 9 10 11 13 | 13.0
Fighting       | |  2.1
Dodging        | |  2.4
Stealth        | |  1.3

Action                     |  1- 3 |  4- 6 |  7- 9 || total
---------------------------+-------+-------+-------++-------
   Fire: Shortbow          |    64 |   131 |   116 ||   311
 Armour: Leather armour    |    16 |    20 |     7 ||    43
         Steam dragon scal |       |       |    20 ||    20
  Dodge: Dodged            |    27 |    43 |    59 ||   129

Table legend: (Time is in decaauts)
 A = Elapsed time spent in this place.
 B = Non-inter-level travel time spent in this place.
 C = Inter-level travel time spent in this place.
 D = Time resting spent in this place.
 E = Time spent auto-exploring this place.
 F = Levels seen in this place.
 G = Mean time per level.
                   A        B        C        D        E       F      G
               +--------+--------+--------+--------+--------+-----+--------+
         Total |   3825 |   3628 |    197 |    133 |   2973 |   7 |  546.4 |
       Dungeon |   3813 |   3628 |    185 |    133 |   2973 |   6 |  635.5 |
        Temple |     12 |      1 |     11 |      0 |      0 |   1 |   12.0 |
               +--------+--------+--------+--------+--------+-----+--------+

Top non-repeatable levels by time:
     D:5: 1194 daAuts
     D:1: 725 daAuts
     D:3: 719 daAuts
     D:2: 550 daAuts
     D:4: 481 daAuts
     D:6: 141 daAuts
  Temple: 12 daAuts
